 Dungeon Crawl Stone Soup version 0.21-a0-633-g4c047d5 (webtiles) character file.

60 Lanoc the Chopper (level 3, -1/33 HPs)
             Began as a Minotaur Chaos Knight on Dec 28, 2017.
             Slain by Crazy Yiuf
             ... wielding a +4 quarterstaff of chaos
              (14 damage)
             ... on level 2 of the Dungeon.
             The game lasted 00:03:51 (1145 turns).

Lanoc the Chopper (Minotaur Chaos Knight)           Turns: 1145, Time: 00:03:52

Health: -1/33      AC:  5    Str: 16    XL:     3   Next: 80%
Magic:  1/2        EV: 12    Int:  9    God:    Xom [....*.]
Gold:   140        SH:  0    Dex: 10    Spells: 2/2 levels left

rFire    + . .     SeeInvis .   a - +0 hand axe (chaos)
rCold    . . .     Gourm    .   (no shield)
rNeg     . . .     Faith    .   b - +2 leather armour
rPois    .         Spirit   .   (helmet restricted)
rElec    .         Reflect  .   (no cloak)
rCorr    .         Harm     .   (no gloves)
MR       .....                  (no boots)
Stlth    +.........             (no amulet)
HPRegen  0.11/turn              d - ring of protection from fire
MPRegen  0.08/turn              (no ring)

@: lethally poisoned (-1 -> -13)
A: retaliatory headbutt, horns 2
a: Renounce Religion


You were on level 2 of the Dungeon.
You worshipped Xom.
You were a beloved toy of Xom.
You were not hungry.

You visited 1 branch of the dungeon, and saw 2 of its levels.

You collected 140 gold pieces.

Inventory:

Hand Weapons
 a - a +0 hand axe of chaos (weapon)
Missiles
 m - 20 arrows
Armour
 b - a +2 leather armour (worn)
Jewellery
 d - a ring of protection from fire (left hand)
Scrolls
 e - 4 scrolls of identify {unknown}
 f - a scroll of remove curse {unknown}
 h - a scroll of teleportation {unknown}
 k - a scroll of enchant armour {unknown}
 l - a scroll of magic mapping {unknown}
 o - a scroll of blinking {unknown}
 p - a scroll of enchant weapon {unknown}
 q - 2 scrolls of fog {unknown}
Potions
 i - 2 potions of degeneration {unknown}
 j - a potion of haste {unknown}
 n - a potion of brilliance {unknown}
 r - 2 potions of curing {unknown}
Comestibles
 c - 6 rations
 g - 3 chunks of flesh


   Skills:
 + Level 4.1 Fighting
 * Level 4.6 Axes
 + Level 3.1 Armour
 + Level 2.0 Dodging


You had 2 spell levels left.
You didn't know any spells.

Dungeon Overview and Level Annotations

Branches:
Dungeon (2/15)

Altars:
Hepliaklqana

Annotations:
D:2 Crazy Yiuf


Innate Abilities, Weirdness & Mutations

You reflexively headbutt those who attack you in melee.
You have a pair of horns on your head.


Message History

Crazy Yiuf is lightly wounded.
Crazy Yiuf considers dialectic materialism.
Crazy Yiuf hits you with a quarterstaff of chaos.
You feel your power leaking away.
You hit Crazy Yiuf.
Crazy Yiuf seems to speed up.
Xom thinks this is hilarious!
You headbutt Crazy Yiuf.
Crazy Yiuf is heavily wounded.
Crazy Yiuf closely misses you.
Crazy Yiuf hits you with a quarterstaff of chaos!
You hit Crazy Yiuf but do no damage.
Crazy Yiuf is heavily wounded.
Crazy Yiuf hits you with a quarterstaff of chaos.
You are poisoned.
You hit Crazy Yiuf. You burn Crazy Yiuf.
Crazy Yiuf is almost dead.
You feel sick.
Crazy Yiuf says, "Buddy forty-two forty-two!"
Crazy Yiuf hits you with a quarterstaff of chaos!
You die...

##### #)..#
#...# #.g.#
#@# ####
♣.♣♣ #..# ##
♣♣.♣ ###..#
##. ♣.♣♣
###....###..
♣♣.♣
#.....###...
♣♣.♣♣
##...##.....
♣♣...♣
#...##......
♣..).♣
#.....<.....
#+..+#
##.#....##.#


You could see Crazy Yiuf.

Vanquished Creatures
  Robin (D:2)
  2 giant cockroaches
  9 hobgoblins
  7 jackals
  3 quokkas (D:2)
  3 frilled lizards (D:1)
  9 goblins
  6 kobolds
  A rat (D:2)
41 creatures vanquished.

Notes
Turn   | Place    | Note
-------+----------+-------------------------------------------
     0 | D:1      | Lanoc the Minotaur Chaos Knight began the quest for the Orb.
     0 | D:1      | Reached XP level 1. HP: 19/19 MP: 0/0
    45 | D:1      | XOM: potion effect (agility)
    47 | D:1      | XOM: smoke on damage
   100 | D:1      | XOM: harmless Fire miscast
   111 | D:1      | Reached XP level 2. HP: 23/27 MP: 1/1
   217 | D:1      | XOM: harmless Air miscast
   594 | D:1      | XOM: harmless Necr miscast
   679 | D:2      | Found a runed door.
   698 | D:2      | Found a hazy altar of Hepliaklqana.
   713 | D:2      | Noticed Robin
   714 | D:2      | XOM: divination: magic mapping
   726 | D:2      | Reached XP level 3. HP: 29/33 MP: 2/2
   738 | D:2      | Killed Robin
   739 | D:2      | XOM: potion effect (brilliance)
  1138 | D:2      | Noticed Crazy Yiuf
  1145 | D:2      | Slain by Crazy Yiuf

Vault maps used:
D:1:      mrwooster_arrival_statue_2
D:2:      lemuel_round_altar, nrook_mini_vaults, uniq_robin,
          uniq_crazy_yiuf_cottage

Skill      XL: |  1  2  3 |
---------------+----------+-----
Axes           | 4 |  4.6
Fighting       | 4 |  4.1
Armour         | 3 |  3.1
Dodging        | 2 |  2.0

Action                   || total
-------------------------++-------
Melee: Hand axe          ||    88
       Headbutt          ||    10
  Eat: Chunk             ||     1
Armor: Leather armour    ||    21
Dodge: Dodged            ||    51

Table legend:
 A = Spawn XP
 B = Non-spawn XP
 C = Spawn XP percentage of total XP
 D = Spawn monster count
 E = Non-spawn monster count
 F = Spawn count percentage of total count
 G = Total turns spent on level
                    A         B        C        D         E        F      G
               +---------+---------+-------+---------+---------+-------+---------
         Total |       0 |      86 |   0.0 |       0 |      41 |   0.0 |  1145
               +---------+---------+-------+---------+---------+-------+---------
           D:1 |       0 |      26 |   0.0 |       0 |      16 |   0.0 |   641
           D:2 |       0 |      60 |   0.0 |       0 |      25 |   0.0 |   504
               +---------+---------+-------+---------+---------+-------+---------
